 Dungeon Crawl Stone Soup version 0.30-a0-374-g95c0257040 (webtiles) character file.

Game seed: 18292986903663882303

14261 Querens the Unseen (level 11, -7/47 HPs)
             Began as a Spriggan Enchanter on Nov 26, 2022.
             Was an Elder of Wu Jian.
             Mangled by a sun demon (14 damage)
             ... summoned by an orc sorcerer
             ... on level 2 of the Orcish Mines.
             The game lasted 00:49:58 (7717 turns).

Querens the Unseen (Spriggan Enchanter)             Turns: 7717, Time: 00:49:58

Health: -7/47      AC:  4    Str:  4    XL:     11   Next: 86%
Magic:  16/27      EV: 18    Int: 19    God:    Wu Jian [****..]
Gold:   747        SH:  0    Dex: 18    Spells: 21/33 levels left

rFire   . . .      SeeInvis +    t - +5 dagger (holy)
rCold   + . .      Faith    .    (no shield)
rNeg    . . .      Spirit   .    w - +0 troll leather armour
rPois   +          Reflect  .    (helmet restricted)
rElec   .          Harm     .    (no cloak)
rCorr   .          Rampage  .    (gloves unavailable)
Will    +....                    (boots unavailable)
Stlth   ++++++....               y - amulet of regeneration
HPRegen 1.87/turn                A - ring of poison resistance
MPRegen 0.20/turn                b - ring of protection from cold

@: very quick
A: very small, no large weapons, unfitting armour, see invisible, speed 3
a: Renounce Religion, Wall Jump, Serpent's Lash


You were on level 2 of the Orcish Mines.
You worshipped Wu Jian.
Wu Jian was greatly pleased with you.
You visited 3 branches of the dungeon, and saw 14 of its levels.

You collected 881 gold pieces.
You spent 134 gold pieces at shops.

Inventory:

Hand Weapons
 s - a +5 vorpal sling
 t - a +5 dagger of holy wrath (weapon)
 N - the +9 staff of Olgreb {rPois∞}
   (You found it on level 7 of the Dungeon)

   If the wielder is skilled in Evocations, they can envenom those struck by it,
   dealing poison damage which bypasses armour.
   It enhances your poison magic.
   It grants immunity to poison.
   It can be activated via the 'a'bility menu to radiate toxic energy, with
   effectiveness depending on Evocations skill.
Missiles
 v - 4 atropa-tipped darts (quivered)
 H - 2 throwing nets
 O - a curare-tipped dart
Armour
 w - a +0 troll leather armour (worn)
 E - a +1 robe of willpower
 L - +0 steam dragon scales
Magical Staves
 a - a staff of death
Jewellery
 b - a ring of protection from cold (right hand)
 y - an amulet of regeneration (around neck)
 A - a ring of poison resistance (left hand)
 B - an amulet of reflection
 C - an amulet of magic regeneration
Wands
 g - a wand of charming (10)
 x - a wand of acid (7)
 D - a wand of digging (3)
 G - a wand of iceblast (1)
 M - a wand of flame (42)
Scrolls
 d - 7 scrolls of teleportation
 e - 3 scrolls of amnesia
 f - a scroll of blinking {unknown}
 i - a scroll of fog
 k - 2 scrolls of magic mapping {unknown}
 u - 2 scrolls of silence {unknown}
 F - a scroll of summoning {unknown}
 I - 2 scrolls of noise {unknown}
 J - a scroll of torment {unknown}
 K - 3 scrolls of poison
 P - 2 scrolls of immolation
Potions
 c - 2 potions of invisibility
 h - a potion of ambrosia {unknown}
 j - a potion of heal wounds
 l - 5 potions of might
 m - 2 potions of mutation {unknown}
 n - a potion of lignification {unknown}
 o - 4 potions of brilliance
 p - 8 potions of attraction
 q - a potion of cancellation {unknown}
 r - 8 potions of curing
 z - 3 potions of flight


   Skills:
 + Level 10.5 Short Blades
 - Level 5.0 Dodging
 + Level 15.1 Stealth
 + Level 11.8 Spellcasting
 + Level 12.0 Hexes


You had 21 spell levels left.
You knew the following spells:

 Your Spells              Type           Power      Damage    Failure   Level
a - Ensorcelled Hibernat  Hex/Ice        68%        N/A       1%          2
b - Confusing Touch       Hex            54%        N/A       1%          3
c - Tukima's Dance        Hex            54%        N/A       1%          3
d - Cause Fear            Hex            27%        N/A       1%          4

Your spell library contained the following spells:

 Spells                   Type           Power      Damage    Failure   Level
 Dazzling Flash           Conj/Hex       68%        N/A       2%          3
 Leda's Liquefaction      Hex/Erth       17%        N/A       10%         4
 Foxfire                  Conj/Fire      44%        2x1d6     11%         1
 Blink                    Tloc           22%        N/A       17%         2
 Yara's Violent Unravell  Hex/Tmut       17%        3d8       26%         5
 Hailstorm                Conj/Ice       11%        3d5       32%         3
 Stone Arrow              Conj/Erth      22%        3d8       32%         3
 Animate Armour           Summ/Erth      22%        N/A       73%         4
 Ice Form                 Ice/Tmut       11%        N/A       73%         4
 Manifold Assault         Tloc           11%        N/A       73%         4
 Passage of Golubria      Tloc           11%        N/A       73%         4
 Fireball                 Conj/Fire      5%         3d5       97%         5
 Simulacrum               Ice/Necr       5%         N/A       100%        6
 Starburst                Conj/Fire      5%         6d4       100%        6
 Dragon Form              Tmut           5%         N/A       100%        7
 Malign Gateway           Summ/Tloc      5%         N/A       100%        7
 Storm Form               Tmut/Air       5%         N/A       100%        7
 Lehudib's Crystal Spear  Conj/Erth      5%         10d3      100%        8
 Dragon's Call            Summ           5%         N/A       100%        9


Dungeon Overview and Level Annotations

Branches:
Dungeon (11/15)            Temple (1/1) D:5            Lair (0/5) D:10
    Orc (2/2) D:11            Elf (0/3) Orc:2

Altars:
Ashenzari
Cheibriados
Dithmenos
Elyvilon
Fedhas
Gozag
Hepliaklqana
Kikubaaqudgha
Makhleb
Nemelex Xobeh
Okawaru
Qazlal
Ru
Sif Muna
Uskayaw
Vehumet
Wu Jian
Xom
Yredelemnul
Zin
The Shining One

Shops:
D:6 **

Annotations:
D:10 2 transporters


Innate Abilities, Weirdness & Mutations

You are very small and have problems with some larger weapons.
You are too small for most types of armour.
You have supernaturally acute eyesight. (SInv)
You cover ground extremely quickly. (Speed+++)


Message History

The bolt of fire hits you!!
Casting: Ensorcelled Hibernation (safe; 1% risk of failure)
Confirm with . or Enter, or press ? or * to list all spells.
Aiming: Ensorcelled Hibernation (safe; 1% risk of failure)
Press: ? - help, Shift-Dir - straight line, f/p - orc sorcerer
Aim: an orc sorcerer, wielding a +0 dagger and wearing a +0 robe (chance to affect: 45%)
The orc sorcerer resists with some effort.
Casting: Ensorcelled Hibernation (safe; 1% risk of failure)
Confirm with . or Enter, or press ? or * to list all spells.
Aiming: Ensorcelled Hibernation (safe; 1% risk of failure)
Press: ? - help, Shift-Dir - straight line, f/p - orc sorcerer
Aim: an orc sorcerer, wielding a +0 dagger and wearing a +0 robe (chance to affect: 45%)
The orc sorcerer resists with some effort.
Casting: Ensorcelled Hibernation (safe; 1% risk of failure)
Confirm with . or Enter, or press ? or * to list all spells.
Aiming: Ensorcelled Hibernation (safe; 1% risk of failure)
Press: ? - help, Shift-Dir - straight line, f/p - orc sorcerer
Aim: an orc sorcerer, wielding a +0 dagger and wearing a +0 robe (chance to affect: 45%)
The orc sorcerer resists with some effort.
The orc sorcerer mumbles some strange words.
You feel disoriented.
The orc sorcerer mumbles some strange words.
Casting: Ensorcelled Hibernation (safe; 1% risk of failure)
Confirm with . or Enter, or press ? or * to list all spells.
Aiming: Ensorcelled Hibernation (safe; 1% risk of failure)
Press: ? - help, Shift-Dir - straight line, f/p - orc sorcerer
Aim: an orc sorcerer, wielding a +0 dagger and wearing a +0 robe (chance to affect: 45%)
The orc sorcerer resists with some effort.
The orc sorcerer hits you with a +0 dagger.
Unknown command.
Casting: Ensorcelled Hibernation (safe; 1% risk of failure)
Confirm with . or Enter, or press ? or * to list all spells.
Aiming: Ensorcelled Hibernation (safe; 1% risk of failure)
Press: ? - help, Shift-Dir - straight line, f/p - orc sorcerer
Aim: an orc sorcerer, wielding a +0 dagger and wearing a +0 robe (chance to affect: 45%)
The orc sorcerer looks drowsy...
The sun demon hits you!!
Ouch! That really hurt!
* * * LOW HITPOINT WARNING * * *
You are engulfed in flames!
You die...

#..#.)'.._.o'..# ###
#.....#)o...#... ##.##
#.....#8...8#... ##...##
#..#..#######.o#
##...#.###.).............
#.......##...............
##.......#..8..#..#..#).8
#......##.).)....)...)..
##.#..3@#....$)..)...$..
#......o########'''#####
##............o..o)....#
#..............8.).).8.#
#.................)....#
#.......................#
##...................#.##
#......................#
#.....................##


You could see a sun demon (summoned) and an orc sorcerer (asleep).

Vanquished Creatures
  3 two-headed ogres
  2 orc knights
  An ugly thing (D:8)
  An orc sorcerer (Orc:1)
  A cyclops (D:11)
  A manticore (D:11)
  Joseph (D:7)
  A komodo dragon (D:9)
  4 trolls
  A hornet (D:9)
  3 wraiths
  2 wyverns
  11 yaks (D:10)
  2 steam dragons (D:7)
  3 wargs
  2 acid dragons
  Edmund (D:4)
  5 water moccasins (D:10)
  Duvessa (D:4)
  An ice beast (D:7)
  8 orc warriors
  2 sky beasts
  A black bear (D:10)
  6 ogres
  2 phantoms
  A centaur (D:6)
  3 kobold brigands
  2 necrophages
  2 scorpions
  5 bullfrogs
  Dowan (D:4)
  7 killer bees
  A hound (D:5)
  14 orc priests
  A jelly (D:6)
  3 gnoll boudas
  4 iguanas
  17 orc wizards
  Terence (D:2)
  7 adders
  22 gnolls
  A shadow imp (D:5)
  2 white imps
  3 worms
  A dart slug (D:3)
  61 orcs
  8 bats
  7 endoplasms
  6 giant cockroaches
  7 goblins
  3 hobgoblins
  7 jackals
  2 quokkas
  9 ball pythons
  2 frilled lizards (D:1)
  19 kobolds
  5 rats
300 creatures vanquished.

Vanquished Creatures (collateral kills)
  An orc warrior (Orc:1)
  An orc (Orc:2)
2 creatures vanquished.

Vanquished Creatures (others)
  5 dancing weapons
  2 orcs (D:7)
  33 fungi (D:10)
  34 plants
74 creatures vanquished.

Grand Total: 376 creatures vanquished

Notes
Turn   | Place    | Note
-------+----------+-------------------------------------------
     0 | D:1      | Querens the Spriggan Enchanter began the quest for the Orb.
     0 | D:1      | Reached XP level 1. HP: 9/9 MP: 5/5
    21 | D:1      | Found a faded altar of an unknown god.
    85 | D:1      | Reached XP level 2. HP: 10/13 MP: 6/6
   103 | D:1      | Learned a level 2 spell: Ensorcelled Hibernation
   439 | D:1      | Reached XP level 3. HP: 16/16 MP: 8/8
   558 | D:2      | Noticed Terence
   569 | D:2      | Killed Terence
   570 | D:2      | Reached skill level 5 in Stealth
   621 | D:2      | Reached XP level 4. HP: 20/21 MP: 5/10
   749 | D:2      | Found a radiant altar of Vehumet.
   953 | D:3      | Learned a level 3 spell: Confusing Touch
   957 | D:3      | Learned a level 3 spell: Tukima's Dance
  1066 | D:3      | Identified the +9 ring mail of the Tundras {rF++}
  1156 | D:3      | Reached XP level 5. HP: 24/24 MP: 2/11
  1270 | D:3      | Found a sacrificial altar of Ru.
  1391 | D:3      | Found a shimmering blue altar of Sif Muna.
  1595 | D:4      | Noticed Dowan
  1596 | D:4      | Noticed Duvessa
  1808 | D:4      | Reached skill level 6 in Stealth
  1830 | D:4      | Reached XP level 6. HP: 28/28 MP: 8/13
  1863 | D:4      | Reached skill level 5 in Hexes
  1877 | D:4      | Found an ancient bone altar of Kikubaaqudgha.
  1985 | D:4      | Killed Duvessa
  2063 | D:4      | Killed Dowan
  2232 | D:4      | Found a shadowy altar of Dithmenos.
  2256 | D:4      | Reached skill level 5 in Dodging
  2342 | D:4      | Noticed Edmund
  2367 | D:4      | Killed Edmund
  2368 | D:4      | Reached skill level 7 in Stealth
  2368 | D:4      | Reached XP level 7. HP: 32/32 MP: 10/15
  2397 | D:4      | Noticed an angel
  2398 | D:4      | Found a glowing silver altar of Zin.
  2427 | D:4      | Reached skill level 5 in Spellcasting
  2542 | D:5      | Entered Level 5 of the Dungeon
  2775 | D:5      | Noticed a wyvern
  2797 | D:5      | Killed a wyvern
  2798 | D:5      | Reached skill level 8 in Stealth
  2899 | D:5      | Reached XP level 8. HP: 36/36 MP: 17/17
  2972 | D:5      | Found a staircase to the Ecumenical Temple.
  2979 | Temple   | Entered the Ecumenical Temple
  3123 | Temple   | Became a worshipper of the Wu Jian Council
  3176 | D:5      | Reached skill level 5 in Short Blades
  3453 | D:6      | Found the +1 Delatra's gloves {ID++}
  3454 | D:6      | Found a hide-covered altar of Uskayaw.
  3515 | D:6      | Found Uqyadoeng's Assorted Antiques.
  3594 | D:6      | Reached skill level 9 in Stealth
  3654 | D:6      | Found Alimmufo's Elemental Accessories.
  3678 | D:6      | Reached * piety under Wu Jian
  3801 | D:6      | Bought an orange potion for 25 gold pieces
  3801 | D:6      | Bought a scroll labelled FAQAPO DUANOSE for 28 gold pieces
  3801 | D:6      | Bought a scroll labelled FAQAPO DUANOSE for 28 gold pieces
  3801 | D:6      | Bought a scroll labelled POTAGA ZIZUSU for 28 gold pieces
  3801 | D:6      | Bought a glowing grey potion for 25 gold pieces
  3961 | D:6      | Found a white marble altar of Elyvilon.
  4214 | D:7      | Reached XP level 9. HP: 39/39 MP: 0/20
  4335 | D:7      | Reached skill level 10 in Stealth
  4616 | D:7      | Noticed Joseph
  4649 | D:7      | Killed Joseph
  4700 | D:7      | Found the +9 staff of Olgreb {rPois∞}
  4721 | D:7      | Reached ** piety under Wu Jian
  4847 | D:7      | Reached skill level 11 in Stealth
  4958 | D:8      | Noticed a white ugly thing
  4964 | D:8      | Killed a white ugly thing
  5223 | D:9      | Reached XP level 10. HP: 44/44 MP: 18/23
  5299 | D:9      | Found a stormy altar of Qazlal.
  5459 | D:10     | Entered Level 10 of the Dungeon
  5469 | D:10     | Found a staircase to the Lair.
  5492 | D:10     | Reached skill level 12 in Stealth
  5591 | D:10     | Reached skill level 10 in Hexes
  5708 | D:10     | Found a transporter.
  5746 | D:10     | Found a transporter.
  5746 | D:10     | Found the +3 Mad Mage's Maulers {Infuse+∞ RegenMP Int-3}
  5858 | D:10     | Reached *** piety under Wu Jian
  5872 | D:10     | Found an opulent altar of Gozag.
  5916 | D:10     | Identified the +1 scale mail "Kilexkia" {rElec rPois rF+
                  | Str-5}
  5917 | D:10     | Reached skill level 13 in Stealth
  5917 | D:10     | Reached skill level 10 in Spellcasting
  6238 | D:11     | Noticed a manticore
  6250 | D:11     | Killed a manticore
  6251 | D:11     | Reached XP level 11. HP: 47/47 MP: 15/26
  6308 | D:11     | Noticed a two-headed ogre
  6318 | D:11     | Killed a two-headed ogre
  6476 | D:11     | Noticed a two-headed ogre
  6484 | D:11     | Killed a two-headed ogre
  6572 | D:11     | Reached skill level 14 in Stealth
  6681 | D:11     | Found a staircase to the Orcish Mines.
  6701 | D:11     | Got the Directory of Telluric Wanderlust
  6747 | D:11     | Reached **** piety under Wu Jian
  6971 | D:11     | Learned a level 4 spell: Cause Fear
  6973 | Orc:1    | Entered Level 1 of the Orcish Mines
  7065 | Orc:1    | Noticed an orc sorcerer
  7072 | Orc:1    | Killed an orc sorcerer
  7111 | Orc:1    | Noticed an orc knight
  7135 | Orc:1    | Reached skill level 10 in Short Blades
  7153 | Orc:1    | Killed an orc knight
  7309 | Orc:2    | Entered Level 2 of the Orcish Mines
  7392 | Orc:2    | Found a staircase to the Elven Halls.
  7444 | Orc:2    | Noticed an orc high priest
  7445 | Orc:2    | Noticed a sixfirhy
  7583 | Orc:2    | Noticed a two-headed ogre
  7596 | Orc:2    | Killed a two-headed ogre
  7640 | Orc:2    | Noticed an orc knight
  7648 | Orc:2    | Killed an orc knight
  7649 | Orc:2    | Reached skill level 15 in Stealth
  7659 | Orc:2    | Noticed an orc high priest
  7681 | Orc:2    | Noticed an orc sorcerer
  7716 | Orc:2    | Noticed a sun demon
  7717 | Orc:2    | Mangled by a sun demon

Illustrated notes

Levels and vault maps discovered:
D:1:      lightli_arrival_statuegarden, layout_basic,
          ebering_ecumenical_altar_box
D:2:      layout_rooms, basic_altar, uniq_terence
D:3:      layout_rooms, led_sif_book, nicolae_ru_awakened_eye
D:4:      layout_loops_corners, zin_angel, overflow_temple_1_default,
          mainiacjoe_overflow_tiny_flanked, corner_web_ring, uniq_edmund,
          uniq_duvessa
D:5:      layout_loops_ring, temple_green, kennysheep_donut,
          minmay_misc_feat_nine_boxes
D:6:      layout_gridville, nicolae_uskayaw_suspiria,
          nicolae_elyvilon_temple_path, serial_shops, shop,
          minmay_stone_trees_small, nicolae_elemental_shop
D:7:      layout_loops_ring, trog_book, uniq_joseph
D:8:      layout_cave_pools, minmay_fountain_box
D:9:      layout_rooms, grunt_qazlal_clouds
D:10:     gammafunk_worm_tunnel, layout_small_grid, kennysheep_mini,
          due_lair_maze_entry_diamond, minmay_door_square
D:11:     layout_long_grid, erik_orc_4, reono_crystal_passage,
          kennysheep_generic_room_10
Temple:   hellmonk_temple_flake
Orc:1:    layout_caves
Orc:2:    grunt_orc_tribal_feast, layout_diamond_mine, basic_altar,
          minmay_orc_temple_c

Skill      XL: |  1  2  3  4  5  6  7  8  9 10 11 |
---------------+----------------------------------+-----
Dodging        | 3 4 5 |  5.0
Spellcasting   | 3 4 5 7 8 10 11 | 11.8
Hexes          | 4 5 6 7 9 10 12 | 12.0
Short Blades   | 2 3 4 6 7 9 10 | 10.5
Stealth        | 5 6 7 8 9 11 13 15 | 15.1

Action                   |  1- 3 |  4- 6 |  7- 9 | 10-12 || total
-------------------------+-------+-------+-------+-------++-------
Melee: Dagger            |   136 |   156 |   309 |   321 ||   922
       Punch             |     6 |       |     8 |       ||    14
 Fire: Sling             |       |       |     7 |       ||     7
 Cast: Ensorcelled Hiber |     3 |    50 |    58 |    89 ||   200
       Confusing Touch   |       |       |     3 |     2 ||     5
       Tukima's Dance    |       |       |     2 |     8 ||    10
       Cause Fear        |       |       |       |     1 ||     1
Invok: Lunge             |       |       |    30 |    42 ||    72
       Whirlwind         |       |       |     1 |     7 ||     8
Evoke: Wand              |       |     4 |       |       ||     4
  Use: Scroll            |       |     1 |    12 |     5 ||    18
       Potion            |       |       |     3 |     1 ||     4
 Stab: Sleeping          |     8 |    36 |    49 |    70 ||   163
       Distracted        |       |     1 |       |     4 ||     5
       Confused          |       |       |     3 |     2 ||     5
       Invisible         |       |       |     2 |     4 ||     6
Armor: Robe              |     9 |     1 |     6 |       ||    16
       Steam dragon scal |       |       |    11 |    17 ||    28
Dodge: Dodged            |    94 |   112 |   138 |   129 ||   473

Table legend: (Time is in decaauts)
 A = Elapsed time spent in this place.
 B = Non-inter-level travel time spent in this place.
 C = Inter-level travel time spent in this place.
 D = Time resting spent in this place.
 E = Time spent auto-exploring this place.
 F = Levels seen in this place.
 G = Mean time per level.
                   A        B        C        D        E       F      G
               +--------+--------+--------+--------+--------+-----+--------+
         Total |   4947 |   4634 |    313 |     15 |     74 |  14 |  353.4 |
       Dungeon |   4366 |   4070 |    296 |     10 |      0 |  11 |  396.9 |
        Temple |     94 |     88 |      6 |      0 |     74 |   1 |   94.0 |
  Orcish Mines |    486 |    475 |     11 |      5 |      0 |   2 |  243.0 |
               +--------+--------+--------+--------+--------+-----+--------+

Top non-repeatable levels by time:
     D:4: 625 daAuts
     D:7: 508 daAuts
    D:10: 495 daAuts
    D:11: 463 daAuts
     D:5: 457 daAuts
     D:3: 440 daAuts
     D:6: 377 daAuts
     D:1: 335 daAuts
     D:2: 266 daAuts
   Orc:2: 252 daAuts
   Orc:1: 234 daAuts
     D:8: 219 daAuts
     D:9: 177 daAuts
  Temple: 94 daAuts
